 Dungeon Crawl Stone Soup version 0.19.0-11-g3fc08b3 (webtiles) character file.

124 ufetubus the Ogre Mage (level 5, 0/45 HPs)
             Began as an Ogre Wizard on Nov 10, 2016.
             Was an Initiate of Sif Muna.
             Succumbed to a worker ant's poison
             ... on level 4 of the Dungeon.
             The game lasted 00:11:10 (3921 turns).

ufetubus the Ogre Mage (Ogre Wizard)                Turns: 3921, Time: 00:11:11

Health: 0/45       AC:  3    Str: 13    XL:     5   Next: 8%
Magic:  0/12       EV: 10    Int: 17    God:    Sif Muna [......]
Gold:   127        SH:  0    Dex:  8    Spells: 2 memorised, 11 levels left

rFire  . . .     SeeInvis .     f - +0 club
rCold  . . .     Gourm    .     a - +0 robe
rNeg   . . .     Faith    .     (no shield)
rPois  .         Spirit   .     b - +0 hat
rElec  .         Reflect  .     (no cloak)
rCorr  .         Harm     .     (gloves unavailable)
MR     .....                    (boots unavailable)
Stlth  +.........               (no amulet)
                                (no ring)
                                (no ring)

@: lethally poisoned (0 -> -7), very slightly contaminated
A: unfitting armour, tough skin 1
a: Renounce Religion


You were on level 4 of the Dungeon.
You worshipped Sif Muna.
Sif Muna was noncommittal.
You were not hungry.

You visited 2 branches of the dungeon, and saw 5 of its levels.

You collected 127 gold pieces.

Inventory:

Hand Weapons
 f - a +0 club (weapon)
Armour
 a - a +0 robe (worn)
 b - a +0 hat (worn)
Jewellery
 k - a cursed ring of teleportation {unknown}
 w - a +2 amulet of reflection {unknown}
Scrolls
 g - 4 scrolls of remove curse {unknown}
 i - 4 scrolls of enchant armour {unknown}
 q - a scroll of recharging {unknown}
 s - 3 scrolls of enchant weapon {unknown}
 u - 2 scrolls of identify {unknown}
Potions
 e - 2 potions of brilliance {unknown}
 h - 2 potions of flight {unknown}
 l - a potion of curing {unknown}
 m - a potion of degeneration {unknown}
 o - a potion of mutation {unknown}
 p - a potion of resistance {unknown}
 r - 3 potions of berserk rage {unknown}
 t - a potion of might {unknown}
 v - a potion of cancellation {unknown}
Books
 c - a book of Minor Magic

   Spells                             Type                      Level
   a - Magic Dart                     Conjuration                  1
   b - Blink                          Translocation                2
   c - Call Imp                       Summoning                    2
   d - Repel Missiles                 Charms/Air                   2
   e - Slow                           Hexes                        2
   f - Conjure Flame                  Conjuration/Fire             3
   g - Mephitic Cloud                 Conjuration/Poison/Air       3
Comestibles
 d - a bread ration
 j - 2 meat rations
 n - a slice of pizza


   Skills:
 + Level 4.2 Maces & Flails
 - Level 1.7 Dodging
 - Level 1.4 Stealth
 - Level 5.0 Spellcasting
 - Level 0.6 Conjurations
   Level 0.6 Summonings
 - Level 0.6 Translocations


You had 11 spell levels left.
You knew the following spells:

 Your Spells              Type           Power        Failure   Level  Hunger
a - Magic Dart            Conj           #...         14%         1    None
b - Blink                 Tloc           N/A          21%         2    #......


Dungeon Overview and Level Annotations

Branches:
Dungeon (4/15)             Temple (1/1) D:4

Altars:
Cheibriados
Dithmenos
Elyvilon
Fedhas
Okawaru
Qazlal
Sif Muna
Vehumet
Xom
Zin
The Shining One

Annotations:
D:3 Grinder


Innate Abilities, Weirdness & Mutations

You are too large for most types of armour.
You have tough skin. (AC +1)


Message History

You feel sick.
The worker ant bites you but does no damage.
Casting: Magic Dart
Confirm with . or Enter, or press ? or * to list all spells.
Aiming: Magic Dart
Press: ? - help, Shift-Dir - straight line, f/p - worker ant
Aim: a worker ant (heavily wounded)
The magic dart hits the worker ant.
The worker ant is severely wounded.
You feel sick. The worker ant completely misses you.
Casting: Magic Dart
Confirm with . or Enter, or press ? or * to list all spells.
Aiming: Magic Dart
Press: ? - help, Shift-Dir - straight line, f/p - worker ant
Aim: a worker ant (severely wounded)
You miscast Magic Dart.
Nothing appears to happen.
The worker ant bites you.
* * * LOW HITPOINT WARNING * * *
You feel sick. The worker ant bites you!
* * * LOW HITPOINT WARNING * * *
You die...

##### ...
##...## ...
##...@.## ....
#.####.a####....
#.# ##.......#
#)# ##...####
#)# #...# #.#
##..# #.# #..#
### #.# #..#
##># #.# #..#
#...


You could see a worker ant.

Vanquished Creatures
  Robin (D:4)
  4 adders
  2 oozes
  2 worms (D:2)
  A dart slug (D:1)
  An orc (D:3)
  3 giant cockroaches
  7 goblins
  6 hobgoblins
  7 jackals
  2 quokkas (D:2)
  3 ball pythons
  6 bats
  5 frilled lizards
  3 kobolds
  8 rats
61 creatures vanquished.

Notes
Turn   | Place    | Note
-------+----------+-------------------------------------------
     0 | D:1      | ufetubus the Ogre Wizard began the quest for the Orb.
     0 | D:1      | Reached XP level 1. HP: 16/16 MP: 5/5
   280 | D:1      | Reached skill level 1 in Maces & Flails
   280 | D:1      | Reached skill level 4 in Spellcasting
   280 | D:1      | Reached XP level 2. HP: 16/24 MP: 0/7
  1047 | D:2      | Reached XP level 3. HP: 22/31 MP: 4/8
  1539 | D:2      | Reached XP level 4. HP: 32/39 MP: 4/10
  2355 | D:2      | Found a glowing silver altar of Zin.
  2910 | D:2      | Found an iron altar of Okawaru.
  2957 | D:2      | Learned a level 2 spell: Blink
  3403 | D:3      | Reached skill level 5 in Spellcasting
  3475 | D:3      | Noticed Grinder
  3502 | D:4      | Found a staircase to the Ecumenical Temple.
  3508 | Temple   | Entered the Ecumenical Temple
  3567 | Temple   | Became a worshipper of Sif Muna the Loreminder
  3600 | D:4      | Noticed Robin
  3626 | D:4      | Killed Robin
  3626 | D:4      | Reached XP level 5. HP: 4/45 MP: 0/12
  3920 | D:4      | HP: 1/45 [worker ant (8)]
  3921 | D:4      | Succumbed to a worker ant's poison

Skill      XL: |  1  2  3  4 |
---------------+-------------+-----
Maces & Flails | 1 2 3 4 |  4.2
Spellcasting   | 4 5 |  5.0
Dodging        | |  1.7
Stealth        | |  1.4
Conjurations   | |  0.6
Summonings     | |  0.6
Translocations | |  0.6

Action                   |  1- 3 |  4- 6 || total
-------------------------+-------+-------++-------
Melee: Club              |    69 |   109 ||   178
 Cast: Magic Dart        |    58 |    98 ||   156
 Stab: Sleeping          |     1 |       ||     1
  Eat: Chunk             |     2 |     6 ||     8
       Pizza             |       |     1 ||     1
Armor: Robe              |    37 |    37 ||    74
Dodge: Dodged            |    54 |    85 ||   139
